 Dungeon Crawl Stone Soup version 0.32-a0-643-ga006e7742e (webtiles) character file.

Game seed: 6013969005461679447

550 jasper the Basher (level 7, -1/57 HPs)
             Began as a Mountain Dwarf Fighter on Mar 7, 2024.
             Was a Follower of Beogh.
             Slain by an ogre
             ... wielding a +0 giant club
              (7 damage)
             ... on level 5 of the Dungeon.
             The game lasted 00:08:26 (4464 turns).

jasper the Basher (Mountain Dwarf Fighter)          Turns: 4464, Time: 00:08:27

Health: -1/57      AC: 21    Str: 20    XL:     7   Next: 7%
Magic:  7/7        EV:  5    Int:  9    God:    Beogh [*.....]
Gold:   33         SH:  5    Dex:  9    Spells: 6/6 levels left

rFire   . . .        a - +0 flail (protect)
rCold   . . .        c - +1 buckler
rNeg    . . .        r - +0 plate armour
rPois   .            (no helmet)
rElec   .            (no cloak)
rCorr   .            (no gloves)
SInv    .            j - +2 pair of boots
Will    .....        (no amulet) Stlth
                     (no ring)
HPRegen 0.29/turn    (no ring)
MPRegen 0.10/turn

%: no passive effects
@: under a protective aura
A: runic magic, artefact enchanting
a: Renounce Religion


You were on level 5 of the Dungeon.
You worshipped Beogh.
Beogh was aware of your devotion.
You visited 1 branch of the dungeon, and saw 5 of its levels.

You collected 298 gold pieces.
You spent 265 gold pieces at shops.

Inventory:

Hand Weapons
 a - a +0 flail of protection (weapon)
 d - a +0 whip
 g - a +0 sling
 p - a +3 heavy sling
Missiles
 k - 15 stones
Armour
 b - a +0 scale mail
 c - a +1 buckler (worn)
 h - a +0 chain mail
 j - a +2 pair of boots (worn)
 r - a +0 plate armour (worn)
Scrolls
 e - a scroll of blinking
 l - a scroll of teleportation
 m - a scroll of fog
 n - a scroll of enchant armour
Potions
 f - a potion of enlightenment
 i - a potion of curing
 o - a potion of invisibility {unknown}
 q - a potion of magic {unknown}


   Skills:
 - Level 3.2 Fighting
 + Level 9.4 Maces & Flails
 - Level 3.2 Armour
 - Level 3.2 Shields


You had 6 spell levels left.
You didn't know any spells.
Your spell library contained the following spells:

 Spells                   Type           Power      Damage    Failure   Level
 Magic Dart               Conj           0%         1d3       75%         1
 Searing Ray              Conj           0%         2d4       87%         2
 Static Discharge         Conj/Air       0%         3-3/arc   87%         2
 Airstrike                Air            0%         2d(0-16)  100%        4
 Fulminant Prism          Conj/Alch      0%         3d5       100%        4
 Summon Lightning Spire   Summ/Air       0%         N/A       100%        4


Dungeon Overview and Level Annotations

Branches:
Dungeon (5/15)             Temple (0/1) D:4

Altars:
Gozag
The Shining One

Shops:
D:3 [[=??

Annotations:
D:1 2 runed translucent doors


Innate Abilities, Weirdness & Mutations

Your spellcasting is much less encumbered by armour.
You can use scrolls of enchantment on lesser artefacts.


Message History

Health restored: 57 The ogre shouts!
There is a stone staircase leading down here.
You hit the ogre.
Your weapon exudes an aura of protection.
The ogre is lightly wounded.
The ogre hits you but does no damage.
You hit the ogre.
The ogre is lightly wounded.
You hit the ogre but do no damage.
The ogre is lightly wounded.
The ogre hits you with a +0 giant club!
You take 14 damage, and have 43/57 hp.
MASSIVE DAMAGE!!
You hit the ogre but do no damage.
The ogre is lightly wounded.
The ogre hits you with a +0 giant club.
You take 4 damage, and have 39/57 hp.
You sock the ogre!
The ogre is heavily wounded.
You barely miss the ogre.
The ogre is heavily wounded.
The ogre completely misses you.
You closely miss the ogre.
The ogre is heavily wounded.
You hit the ogre.
The ogre is severely wounded.
The ogre hits you with a +0 giant club!!
* * * LOW HITPOINT WARNING * * *
You take 26 damage, and have 14/57 hp.
MASSIVE DAMAGE!!
You hit the ogre.
The ogre is severely wounded.
The ogre hits you with a +0 giant club!
* * * LOW HITPOINT WARNING * * *
You take 9 damage, and have 5/57 hp.
You hit the ogre.
The ogre is almost dead.
You hit the ogre but do no damage.
The ogre is almost dead.
The ogre hits you with a +0 giant club!
You die...

♣.♣♣
##..##..##.....#######
♣.♣♣
#+####+###.<#####'#.......
♣♣.♣
#.................#.......
♣.♣♣
+................÷#.......
♣..♣
#.................#.......
♣♣.♣
#.................#.......
♣♣.♣
#.................#.......
♣..♣
#...##..O...##+####.......
♣.♣♣ #...##...@..##
######## ♣.♣
#................. ♣.♣
#................. ♣.♣
#................. ♣♣.♣
#...##...##+##+### ...♣
#...##...# ...♣♣
#........# ....♣♣
#........# ♣♣÷..♣
#........#


You could see an ogre.

Vanquished Creatures
  A water moccasin (D:4)
  An ogre (D:5)
  A bombardier beetle (D:3)
  3 iguanas (D:5)
  An orc wizard (D:3)
  4 gnolls (D:2)
  An adder (D:2)
  A shadow imp (D:5)
  A dart slug (D:1)
  5 orcs (D:3)
  6 ball pythons
  8 endoplasms
  A giant cockroach (D:1)
  11 goblins
  3 hobgoblins
  A jackal (D:1)
  A quokka (D:4)
  6 bats
  5 frilled lizards
  4 kobolds
65 creatures vanquished.

Vanquished Creatures (collateral kills)
  An ogre (D:5)
  A sleepcap (D:5)
  A dart slug (D:5)
3 creatures vanquished.

Grand Total: 68 creatures vanquished

Notes
Turn   | Place    | Note
-------+----------+-------------------------------------------
     0 | D:1      | jasper the Mountain Dwarf Fighter began the quest for the
                  | Orb.
     0 | D:1      | Reached XP level 1. HP: 19/19 MP: 1/1
   310 | D:1      | Reached skill level 3 in Maces & Flails
   342 | D:1      | Reached XP level 2. HP: 23/26 MP: 2/2
   679 | D:1      | Reached skill level 4 in Maces & Flails
   801 | D:1      | Found a large runed translucent door.
   801 | D:1      | Found a large runed translucent door.
   802 | D:1      | Noticed an ogre
   802 | D:1      | Noticed an ogre
   823 | D:1      | Noticed an ogre
   826 | D:1      | Noticed an ogre
  1023 | D:2      | Reached XP level 3. HP: 31/31 MP: 3/3
  1033 | D:2      | Reached skill level 5 in Maces & Flails
  1257 | D:2      | Reached XP level 4. HP: 38/38 MP: 4/4
  2208 | D:3      | Became a worshipper of Beogh the Shepherd
  2229 | D:3      | Found Gaocw's Armour Shop.
  2239 | D:3      | Found a faded altar of an unknown god.
  2329 | D:3      | Found Ywatio's Magic Scroll Shoppe.
  2359 | D:3      | Found Zodus's Magic Scroll Boutique.
  2399 | D:3      | HP: 1/57 [something/magic dart (7)]
  2405 | D:3      | Reached skill level 6 in Maces & Flails
  2535 | D:3      | Bought a scroll of blinking for 105 gold pieces
  2535 | D:3      | Bought a scroll of fog for 56 gold pieces
  2602 | D:3      | Found Heim's Armour Shop.
  2608 | D:3      | Found Laikhaj's Jewellery Emporium.
  2788 | D:3      | Reached XP level 5. HP: 29/45 MP: 5/5
  2948 | D:3      | Found an opulent altar of Gozag.
  2948 | D:3      | Found a glowing golden altar of the Shining One.
  3425 | D:4      | Noticed a water moccasin
  3467 | D:4      | Killed a water moccasin
  3468 | D:4      | Reached skill level 7 in Maces & Flails
  3468 | D:4      | Reached XP level 6. HP: 15/51 MP: 6/6
  3469 | D:4      | Reached * piety under Beogh
  3621 | D:4      | Found a staircase to the Ecumenical Temple.
  3836 | D:3      | Bought a scroll of summoning for 104 gold pieces
  4046 | D:5      | Entered Level 5 of the Dungeon
  4115 | D:5      | Reached skill level 8 in Maces & Flails
  4310 | D:5      | Noticed a vampire
  4320 | D:5      | Reached skill level 9 in Maces & Flails
  4320 | D:5      | Reached XP level 7. HP: 51/57 MP: 7/7
  4464 | D:5      | Slain by an ogre

Illustrated notes

Levels and vault maps discovered:
D:1:      erik_arrival_cave_to_civilisation [erik_arrival_cave_to_temple],
          layout_basic, hangedman_decor_push
D:2:      layout_basic, minmay_pentomino_z4
D:3:      layout_loops_cross, amethyst_overflow_temple_binary,
          hellmonk_ecumenical_altar_pennies_from_heaven, serial_shops,
          shop_statue, shop, shop, shop, nicolae_shop_trees
D:4:      layout_loops_cross, minmay_temple_entry_ruins, grunt_decor_one_mirror
D:5:      kb_forest_paths, layout_gridville

Skill      XL: |  1  2  3  4  5  6 |
---------------+-------------------+-----
Maces & Flails | 3 4 5 6 7 9 |  9.4
Fighting       | |  3.2
Armour         | |  3.2
Shields        | |  3.2

Action                     |  1- 3 |  4- 6 |  7- 9 || total
---------------------------+-------+-------+-------++-------
  Melee: Flail             |    79 |   164 |    25 ||   268
   Fire: Sling             |    32 |     9 |       ||    41
 Invoke: Convert to Beogh  |       |     1 |       ||     1
    Use: Potion            |     1 |     5 |       ||     6
         Scroll            |       |    13 |     2 ||    15
 Armour: Chain mail        |   104 |       |       ||   104
         Scale mail        |     7 |       |       ||     7
         Plate armour      |       |   163 |    13 ||   176
  Dodge: Dodged            |    42 |    36 |     6 ||    84
  Block: Buckler           |    16 |    37 |     1 ||    54

Table legend: (Time is in decaauts)
 A = Elapsed time spent in this place.
 B = Non-inter-level travel time spent in this place.
 C = Inter-level travel time spent in this place.
 D = Time resting spent in this place.
 E = Time spent auto-exploring this place.
 F = Levels seen in this place.
 G = Mean time per level.
                   A        B        C        D        E       F      G
               +--------+--------+--------+--------+--------+-----+--------+
         Total |   4537 |   4278 |    259 |    218 |   3191 |   5 |  907.4 |
       Dungeon |   4537 |   4278 |    259 |    218 |   3191 |   5 |  907.4 |
               +--------+--------+--------+--------+--------+-----+--------+

Top non-repeatable levels by time:
     D:2: 1202 daAuts
     D:3: 1177 daAuts
     D:1: 990 daAuts
     D:4: 746 daAuts
     D:5: 420 daAuts
